 Dungeon Crawl Stone Soup version 0.27-a0-1149-g4505690ab0 (webtiles) character file.

Game seed: 13187340404585213281

65 willcat the Grave Robber (level 3, -3/19 HPs)
             Began as a Deep Elf Necromancer on May 12, 2021.
             Slain by a goblin
             ... wielding a +0 club
             ... led by Robin
              (5 damage)
             ... on level 2 of the Dungeon.
             The game lasted 00:03:07 (2673 turns).

willcat the Grave Robber (Deep Elf Necromancer)     Turns: 2673, Time: 00:03:08

Health: -3/19      AC:  2    Str:  5    XL:     3   Next: 94%
Magic:  8/11       EV: 16    Int: 20    God:
Gold:   45         SH:  0    Dex: 15    Spells: 7/11 levels left

rFire    . . .     SeeInvis .   d - +0 whip
rCold    . . .     Faith    .   (no shield)
rNeg     . . .     Spirit   .   a - +0 robe
rPois    .         Reflect  .   (no helmet)
rElec    .         Harm     .   (no cloak)
rCorr    .         Rampage  .   (no gloves)
Will     .....                  (no boots)
Stlth    ++........             (no amulet)
HPRegen  0.06/turn              k - +4 ring of evasion
MPRegen  0.12/turn              (no ring)

@: no status effects
A: no striking features
a: no special abilities


You were on level 2 of the Dungeon.
You visited 1 branch of the dungeon, and saw 2 of its levels.

You collected 45 gold pieces.

Inventory:

Hand Weapons
 d - a +0 whip (weapon)
Armour
 a - a +0 robe (worn)
Jewellery
 k - a +4 ring of evasion (left hand)
Scrolls
 b - a scroll of teleportation {unknown}
 i - a scroll of noise {unknown}
 j - a scroll of identify {unknown}
Potions
 c - a potion of magic {unknown}
 e - a potion of attraction {unknown}
 f - a potion of lignification {unknown}
 g - a potion of invisibility {unknown}
 h - a potion of haste {unknown}


   Skills:
 - Level 2.4 Dodging
 - Level 2.4 Stealth
 + Level 4.6 Spellcasting
 + Level 5.8 Necromancy


You had 7 spell levels left.
You knew the following spells:

 Your Spells              Type           Power      Damage    Failure   Level
a - Pain                  Necr           100%       1d9       1%          1
b - Vampiric Draining     Necr           14%        2d8       3%          3

Your spell library contained the following spells:

 Spells                   Type           Power      Damage    Failure   Level
 Animate Skeleton         Necr           56%        N/A       1%          1
 Animate Dead             Necr           14%        N/A       11%         4
 Agony                    Necr           28%        N/A       30%         5


Dungeon Overview and Level Annotations

Branches:
Dungeon (2/15)

Altars:

Shops:
D:2 [

Annotations:
D:2 Robin


Message History

Robin barely resists.
Robin roars a battlecry!
The goblin goes into a battle-frenzy!
You hear a shout!
Aiming: Pain (safe; 1% risk of failure)
Press: ? - help, Q - select action Shift-Dir - straight line, f/p - Robin
Aim: Robin, wielding a +0 club, wearing a +0 animal skin and wearing a +0 helmet (chance to affect: 89%) Robin writhes in agony.
Aiming: Pain (safe; 1% risk of failure)
Press: ? - help, Q - select action Shift-Dir - straight line, f/p - Robin
Aim: Robin, wielding a +0 club, wearing a +0 animal skin and wearing a +0 helmet (moderately wounded, chance to affect: 89%) Robin writhes in agony.
Unknown command.
A goblin comes into view. It is wielding a +0 club.
You closely miss Robin.
Robin is heavily wounded.
The goblin shouts!
A hobgoblin comes into view.
Robin throws the goblin at you! The goblin hits you but does no damage.
Unknown command.
Casting: Pain (safe; 1% risk of failure)
Confirm with . or Enter, or press ? or * to list all spells.
The spell is quite dangerous to cast (3% risk of failure)!
Continue anyway?
Okay, then.
The goblin hits you with a +0 club.
Robin says, "A pitiful Elf like you will never find the ORB!"
Robin roars a battlecry!
The hobgoblin shouts!
You hear a shout!
Robin throws the goblin at you! The goblin hits you with a +0 club.
* * * LOW HITPOINT WARNING * * *
You barely miss the goblin. The goblin misses you.
The goblin closely misses you.
Unknown command.
The goblin closely misses you. Robin throws the goblin at you!
* * * LOW HITPOINT WARNING * * *
The goblin barely misses you.
Unknown command.
The goblin hits you but does no damage. The goblin hits you with a +0 club.
You die...

.. ####.......... ...
#.......... ...
##.)........ #.#
##........... #.#
#.)..^....... #.#
#.##........#
#.####.###......##
#.#....# ######## #
#####@#)#### .
##..gg.g.# #.
##....g...#
#.###.g#......# .##
...#g##......#
....##.#.####.####
#.......####.########
##....g..............
##.g...##...........


You could see Robin, a hobgoblin (strong) and 4 goblins.

Vanquished Creatures
  An adder (D:2)
  2 dart slugs (D:1)
  4 bats
  7 endoplasms
  3 giant cockroaches
  7 goblins
  2 hobgoblins (D:1)
  4 jackals (D:1)
  4 quokkas (D:1)
  7 ball pythons
  2 frilled lizards (D:1)
  A kobold (D:1)
  2 rats
46 creatures vanquished.

Notes
Turn   | Place    | Note
-------+----------+-------------------------------------------
     0 | D:1      | willcat the Deep Elf Necromancer began the quest for the
                  | Orb.
     0 | D:1      | Reached XP level 1. HP: 10/10 MP: 6/6
   160 | D:1      | Reached skill level 5 in Necromancy
   379 | D:1      | Reached XP level 2. HP: 5/15 MP: 2/8
  1475 | D:1      | Reached XP level 3. HP: 12/19 MP: 5/10
  1640 | D:1      | Learned a level 3 spell: Vampiric Draining
  2349 | D:2      | Found Zusetoeni's Antique Armour Shoppe.
  2477 | D:2      | Noticed Robin
  2673 | D:2      | Slain by a goblin

Illustrated notes

Levels and vault maps discovered:
D:1:      psy_arrival_whirlpool, layout_loops_corners
D:2:      layout_rooms, basic_altar, serial_shops, nicolae_shop_stone,
          nicolae_shop_window_shopping, minivault_26, uniq_robin, uniq_sigmund

Skill      XL: |  1  2 |
---------------+-------+-----
Necromancy     | 5 |  5.8
Spellcasting   | 4 |  4.6
Dodging        | |  2.4
Stealth        | |  2.4

Action                   || total
-------------------------++-------
Melee: Whip              ||     6
 Cast: Pain              ||    80
 Stab: Sleeping          ||     1
Armor: Robe              ||     8
Dodge: Dodged            ||    25

Table legend: (Time is in decaauts)
 A = Elapsed time spent in this place.
 B = Non-inter-level travel time spent in this place.
 C = Inter-level travel time spent in this place.
 D = Time resting spent in this place.
 E = Time spent auto-exploring this place.
 F = Levels seen in this place.
 G = Mean time per level.
                   A        B        C        D        E       F      G
               +--------+--------+--------+--------+--------+-----+--------+
         Total |   2674 |   2641 |     33 |    832 |   1540 |   2 | 1337.0 |
       Dungeon |   2674 |   2641 |     33 |    832 |   1540 |   2 | 1337.0 |
               +--------+--------+--------+--------+--------+-----+--------+

Top non-repeatable levels by time:
     D:1: 2335 daAuts
     D:2: 339 daAuts
